Map: Winter Madness LE

Players

SEB - Winner!

  • Race: Terran Terran
  • League: Diamond
  • Spawn Location: 5:00

HoldTheDoor

  • Race: Protoss Protoss
  • League: Diamond
  • Spawn Location: 11:00

VOD

Have the link to the VOD?

Description

Time

  • Played on: May 13, 2026, 12:02 p.m.
  • Length: 10:10
Show
View Real Time Build Order
Export as new Build Order

SEB Terran - Winner!

Build Orders: Reaper Expand 

Get SALT Encoding   

  12  0:00  SCV  
  13  0:12  SCV  
  14  0:17  Supply Depot  
  14  0:24  SCV  
  15  0:39  SCV  
  15  0:40  Barracks  
  16  0:44  Refinery  
  16  0:51  SCV  
  17  1:03  SCV  
  18  1:15  SCV  
  19  1:29  Reaper  
  19  1:31  Orbital Command  
  20  1:55  Command Center  
  20  1:59  SCV  
  21  2:04  Marine  
  22  2:14  Supply Depot  
  22  2:15  SCV  
  23  2:23  Barracks Reactor  
  23  2:28  Factory  
  23  2:35  SCV  
  24  2:43  Refinery  
  24  2:47  SCV  
  24  2:50  Bunker  
  25  2:59  SCV  
  25  3:02  Marine x2  
  28  3:09  Orbital Command  
  28  3:11  SCV  
  29  3:17  Starport  
  29  3:19  Widow Mine  
  31  3:22  Marine  
  31  3:24  SCV, Marine  
  34  3:36  SCV  
  34  3:38  Supply Depot  
  34  3:40  Marine, SCV  
  37  3:42  Marine  
  37  3:44  Widow Mine  
  40  3:48  SCV  
  40  3:52  SCV  
  40  3:53  Medivac  
  44  4:00  Supply Depot, SCV  
  45  4:04  SCV  
  45  4:08  Widow Mine  
  45  4:09  Supply Depot  
  48  4:12  SCV  
  48  4:15  Marine x2  
  51  4:17  SCV  
  52  4:24  Starport Tech Lab  
  52  4:27  Barracks  
  52  4:30  Factory Tech Lab  
  52  4:31  SCV  
  53  4:32  Barracks  
  53  4:34  SCV  
  54  4:41  Engineering Bay  
  54  4:43  SCV, Refinery, Marine  
  56  4:46  SCV, Raven  
  56  4:49  Siege Tank  
  62  4:55  SCV  
  62  5:00  SCV  
  62  5:01  Marine  
  62  5:02  Marine  
  65  5:07  SCV  
  65  5:08  Refinery  
  65  5:13  SCV  
  67  5:19  Marine x2  
  69  5:23  Bunker  
  69  5:24  Barracks Tech Lab  
  69  5:36  SCV  
  69  5:41  Stimpack  
  69  5:42  Marine x2  
  70  5:43  Combat Shield  
  70  5:45  Marine, SCV  
  68  5:50  Starport Reactor, Supply Depot  
  68  5:51  Supply Depot  
  68  5:53  Terran Infantry Weapons Level 1  
  68  5:54  Marine, Siege Tank  
  72  5:58  SCV  
  72  6:00  Marine x2  
  75  6:09  Marine  
  77  6:12  Marine  
  77  6:14  Supply Depot  
  77  6:15  Supply Depot  
  77  6:18  Marine  
  79  6:22  Marine  
  79  6:27  Siege Tank  
  79  6:28  Marauder  
  79  6:29  Medivac x2  
  79  6:30  Marauder  
  90  6:36  Marine  
  90  6:37  Supply Depot  
  91  6:45  Supply Depot  
  91  6:49  Marauder  
  91  6:52  Marauder  
  95  7:02  Marine x2  
  97  7:10  Command Center  
  97  7:11  Marauder  
  97  7:13  Marauder  
  97  7:14  SCV x2  
  103  7:17  Supply Depot  
  103  7:18  Supply Depot  
  103  7:21  Concussive Shells  
  103  7:25  Viking x2  
  107  7:32  Barracks  
  107  7:33  Barracks  
  107  7:35  Marine  
  107  7:36  Marauder x2, Marine  
  113  7:47  Terran Infantry Armor Level 1  
  113  7:55  Marine x2  
  113  7:57  Marauder x2  
  114  8:12  Marine  
  114  8:13  Marine, Viking x2  
  114  8:18  Marauder  
  114  8:19  Marauder  
  124  8:26  Orbital Command, Barracks Tech Lab, Barracks Reactor  
  124  8:27  SCV  
  124  8:29  SCV  
  124  8:32  Ghost Academy, Armory  
  124  8:33  Engineering Bay  
  126  8:39  SCV  
  127  8:41  SCV  
  127  8:45  Marauder x3, Marine x2  
  130  8:59  Orbital Command  
  130  9:02  Marine  
  128  9:03  Marine x2  
  128  9:06  Marauder x2  
  128  9:07  Marauder, SCV  
  127  9:25  SCV x3  
  127  9:30  Refinery  
  118  9:57  SCV  
  131  10:02  Command Center  
Show
View Real Time Build Order
Export as new Build Order

HoldTheDoor Protoss 

Build Orders: 1 Gate Expand 

Get SALT Encoding   

  12  0:00  Probe  
  13  0:12  Probe  
  14  0:24  Pylon  
  14  0:29  Probe  
  15  0:42  Probe, Gateway  
  16  0:47  Assimilator  
  16  0:54  Probe  
  17  1:06  Probe  
  17  1:07  Pylon  
  18  1:18  Probe  
  19  1:31  Probe  
  20  1:37  Cybernetics Core  
  20  1:38  Nexus  
  20  1:43  Probe  
  21  1:47  Assimilator  
  21  1:55  Probe  
  21  1:58  Pylon  
  22  2:04  Warp Gate  
  22  2:07  Adept, Probe  
  25  2:23  Shield Battery  
  25  2:24  Probe  
  26  2:40  Probe  
  26  2:41  Sentry  
  29  2:50  Probe  
  30  2:52  Probe  
  31  3:01  Shield Battery  
  31  3:02  Probe  
  31  3:04  Probe  
  31  3:05  Robotics Facility  
  33  3:15  Probe  
  33  3:17  Probe  
  36  3:27  Probe  
  36  3:29  Probe  
  36  3:31  Gateway  
  37  3:35  Pylon  
  37  3:39  Probe  
  37  3:41  Probe  
  39  3:51  Probe  
  39  3:53  Probe, Observer  
  42  3:57  Forge  
  42  4:02  Gateway  
  42  4:03  Probe  
  42  4:04  Gateway  
  42  4:05  Probe  
  42  4:08  Pylon  
  44  4:13  Assimilator  
  44  4:15  Zealot, Probe  
  47  4:17  Probe  
  47  4:20  Immortal  
  52  4:26  Protoss Ground Weapons Level 1  
  52  4:27  Probe  
  53  4:32  Photon Cannon  
  53  4:33  Probe  
  53  4:37  Pylon  
  54  4:40  Probe  
  55  4:45  Stalker x2  
  59  5:07  Probe x2  
  59  5:10  Immortal  
  65  5:18  Robotics Bay  
  65  5:19  Probe  
  67  5:21  Probe, Pylon  
  67  5:25  Pylon  
  67  5:34  Pylon  
  64  5:57  Photon Cannon  
  64  5:58  Photon Cannon  
  64  6:01  Probe  
  65  6:06  Probe, Colossus  
  72  6:13  Probe, Photon Cannon  
  72  6:18  Probe  
  74  6:20  Protoss Ground Armor Level 1  
  74  6:21  Assimilator  
  74  6:25  Probe  
  75  6:26  Zealot x4  
  75  6:30  Pylon, Twilight Council  
  75  6:32  Pylon  
  83  6:38  Gateway  
  83  6:39  Probe  
  85  6:40  Probe  
  85  6:51  Nexus, Probe  
  85  6:52  Probe  
  85  6:53  Pylon  
  87  7:05  Zealot  
  87  7:06  Zealot x3  
  95  7:10  Probe  
  95  7:12  Colossus  
  102  7:15  Charge  
  102  7:21  Photon Cannon  
  102  7:23  Pylon  
  102  7:34  Probe  
  102  7:35  Probe  
  104  7:41  Zealot x2  
  104  7:42  Zealot x3  
  114  7:55  Gateway  
  114  7:57  Gateway  
  104  8:05  Zealot  
  92  8:06  Zealot x4  
  95  8:21  Shield Battery  
  95  8:23  Shield Battery, Photon Cannon  
  95  8:26  Adept x2  
  95  8:27  Pylon, Adept  
  101  8:42  Pylon  
  101  8:44  Pylon  
  101  8:47  Pylon  
  100  8:51  Pylon  
  100  9:00  Stalker x2  
  86  9:11  Stalker  
  88  9:21  Pylon  
  88  9:22  Gateway  
  88  9:24  Gateway  
  88  9:27  Gateway  
  88  9:29  Gateway  
  88  9:31  Zealot  
  96  9:32  Gateway  
  96  9:34  Sentry x2  
  93  9:52  Stalker  
  93  9:53  Stalker  
  91  10:06  Stalker x2  
Tags
 
Add a new tag
Caveats
  • Supply blocks, unpowered buildings, or Contaminate may cause inaccurate times.
  • Supply counts are checked every 10 seconds.